 Dungeon Crawl Stone Soup version 0.30-a0-760-g5a9884bb7c (webtiles) character file.

Game seed: 6995010723266359100

439 Conn the Firebug (level 7, -2/39 (43) HPs)
             Began as an Octopode Fire Elementalist on Feb 11, 2023.
             Killed from afar by a steam dragon (21 damage)
             ... with a ball of steam
             ... on level 6 of the Dungeon.
             The game lasted 00:11:56 (3866 turns).

Conn the Firebug (Octopode Fire Elementalist)       Turns: 3866, Time: 00:11:57

HP:   -2/39 (43)    AC:  1    Str:  7    XL:     7   Next: 1%
MP:   1/22          EV: 13    Int: 25    God:
Gold: 180           SH:  0    Dex: 12    Spells: 8/14 levels left

rFire   . . .      SeeInvis +    a - +1 dagger "Cynn" {venom, Int+5}
rCold   . . .      Faith    .    (no shield)
rNeg    . . .      Spirit   .    (helmet restricted)
rPois   .          Reflect  .    (no amulet)
rElec   .          Harm     .    m - ring of willpower
rCorr   .          Rampage  .    s - ring of see invisible
Will    +....                    u - ring of magical power
Stlth   +++                      (no ring)
HPRegen 0.26/turn                (no ring)
MPRegen 0.18/turn                (no ring)
                                 (no ring)
                                 (no ring)

@: drained
A: almost no armour, amphibious, 8 rings, camouflage 1, gelatinous body 1,
(nimble swimmer 1), tentacles
a: no special abilities


You were on level 6 of the Dungeon.
You visited 1 branch of the dungeon, and saw 6 of its levels.

You collected 180 gold pieces.

Inventory:

Hand Weapons
 a - the +1 dagger "Cynn" (weapon) {venom, Int+5}
   (You found it on level 2 of the Dungeon)

   Int:       It affects your intelligence (+5).
Missiles
 c - 2 poisoned darts
Magical Staves
 b - a staff of conjuration
 e - a staff of earth
Jewellery
 m - a ring of willpower (left tentacle)
 s - a ring of see invisible (right tentacle)
 u - a ring of magical power (on tentacle)
Wands
 l - a wand of mindburst (3)
Scrolls
 j - a scroll of immolation
 k - a scroll of enchant weapon
 n - 3 scrolls of blinking
 q - a scroll of torment {unknown}
Potions
 d - 2 potions of curing
 f - a potion of haste
 g - 3 potions of magic
 h - 2 potions of invisibility
 i - a potion of flight
 o - a potion of heal wounds
 r - a potion of attraction {unknown}
 t - a potion of berserk rage {unknown}


   Skills:
 + Level 1.0 Fighting
 + Level 2.2 Dodging
 + Level 3.9 Stealth
 + Level 4.3 Spellcasting
 + Level 3.0 Conjurations
 + Level 4.8 Fire Magic


You had 8 spell levels left.
You knew the following spells:

 Your Spells              Type           Power      Damage    Failure   Level
a - Foxfire               Conj/Fire      100%       2x1d9     1%          1
c - Inner Flame           Hex/Fire       17%        N/A       10%         3
e - Scorch                Fire           58%        2d8       1%          2

Your spell library contained the following spells:

 Spells                   Type           Power      Damage    Failure   Level
 Necrotise                Necr           20%        1d5       9%          1
 Slow                     Hex            20%        N/A       9%          1
 Kindle Blastsparks       Fire/Tloc/Air  26%        2d12      14%         3
 Flame Wave               Conj/Fire      25%        2d8       17%         4
 Confusing Touch          Hex            5%         N/A       26%         3
 Gell's Gravitas          Tloc           5%         N/A       26%         3
 Teleport Other           Tloc           5%         N/A       26%         3
 Vampiric Draining        Necr           5%         2d6       26%         3
 Agony                    Necr           5%         N/A       94%         5
 Dispersal                Tloc           2%         N/A       100%        6


Dungeon Overview and Level Annotations

Branches:
Dungeon (6/15)
 Temple: D:4-7

Altars:
Fedhas

Annotations:
D:5 Dowan, Duvessa
D:6 Grinder


Innate Abilities, Weirdness & Mutations

You cannot wear most types of armour.
You are amphibious.
You can wear up to eight rings at the same time.
Your skin changes colour to match your surroundings (Stealth+).
Your rubbery body absorbs attacks. (AC +1, EV +1)
((You are camouflaged when in or above water. (Stealth+)))
You have tentacles for arms and can constrict up to eight enemies at once.


Message History

You feel drained. The wight attacks as you move away!
The wight barely misses you.
You see here 14 gold pieces.
Casting: Scorch (safe; 1% risk of failure)
Confirm with . or Enter, or press ? or * to list all spells.
Flames lash the wight.
The wight is almost destroyed.
The wight's fire resistance burns away.
The wight hits you with a +1 flail!
* * * LOW HITPOINT WARNING * * *
You feel drained.
* * * LOW HITPOINT WARNING * * *
You feel much better. The wight misses you.
An ice beast comes into view.
As you read the scroll labelled ANODIH BIRIEKK, it crumbles to dust.
You feel strangely unstable.
It was a scroll of teleportation.
The wight misses you.
Okay, then.
Okay, then.
Unknown command.
Unknown command.
You hit the wight but do no damage. Your grab misses the wight.
The wight is almost destroyed.
The wight hits you with a +1 flail. The ice beast hits you.
The ice beast freezes you!
* * * LOW HITPOINT WARNING * * *
You feel better.
Your surroundings suddenly seem different.
A bullfrog, a shadow imp, Grinder, a jelly and a steam dragon come into view.
Grinder is carrying a wand of roots (7).
Found a scroll of immolation.
Grinder shouts!
The steam dragon hisses angrily.
The bullfrog moves out of view.
The shadow imp shouts, "Fly, thou lumpish fool-born ratsbane!"
The jelly quivers.
Grinder blinks!
You open the large door. The steam dragon breathes steam at you.
The ball of steam hits you!!
Ouch! That really hurt!
You die...

#... ...#
#... ...?#
#..##.#..#
#..#.♣...#
#.D.♣.#..#
#.§#5##..#
#..§.....#
#..§..J..#
####@'####
#........#
#.########


You could see a jelly and a shadow imp.

Vanquished Creatures
  An ogre (D:4)
  A phantom (D:2)
  3 hounds
  An orc priest (D:3)
  An orc wizard (D:3)
  An iguana (D:4)
  6 adders
  A white imp (D:5)
  2 worms
  A dart slug (D:1)
  4 orcs
  2 endoplasms
  2 giant cockroaches
  4 goblins
  4 hobgoblins
  3 quokkas
  4 ball pythons
  A bat (D:3)
  A frilled lizard (D:2)
  6 kobolds
  6 rats
55 creatures vanquished.

Vanquished Creatures (others)
  213 foxfires
213 creatures vanquished.

Grand Total: 268 creatures vanquished

Notes
Turn   | Place    | Note
-------+----------+-------------------------------------------
     0 | D:1      | Conn the Octopode Fire Elementalist began the quest for the
                  | Orb.
     0 | D:1      | Reached XP level 1. HP: 11/11 MP: 3/3
   369 | D:1      | Reached XP level 2. HP: 17/17 MP: 1/5
  1126 | D:2      | Reached XP level 3. HP: 19/21 MP: 2/6
  1129 | D:2      | Learned a level 2 spell: Scorch
  1133 | D:2      | Learned a level 3 spell: Inner Flame
  1694 | D:2      | Identified the +1 dagger "Cynn" {venom, Int+5}
  2034 | D:3      | Noticed a phantom
  2050 | D:2      | Killed a phantom
  2051 | D:2      | Reached XP level 4. HP: 9/27 MP: 0/8
  2154 | D:3      | Reached XP level 5. HP: 31/31 MP: 9/9
  2637 | D:3      | Found a faded altar of an unknown god.
  2642 | D:3      | Found a blossoming altar of Fedhas.
  3015 | D:4      | Noticed an ogre
  3022 | D:4      | Killed an ogre
  3023 | D:4      | Reached XP level 6. HP: 37/37 MP: 5/11
  3649 | D:5      | Entered Level 5 of the Dungeon
  3720 | D:5      | Reached skill level 1 in Fighting
  3722 | D:5      | Reached XP level 7. HP: 35/43 MP: 5/13
  3817 | D:5      | Noticed Dowan
  3818 | D:5      | Noticed Duvessa
  3863 | D:6      | Noticed Grinder
  3863 | D:6      | Noticed a steam dragon
  3866 | D:6      | Killed from afar by a steam dragon

Illustrated notes

Levels and vault maps discovered:
D:1:      dpeg_arrival_tiny_j, layout_basic, minivault_24
D:2:      layout_loops_ring, serial_aquarium, aquarium_bridge_square
          [aquarium_subvault_bridge, aquarium_subvault_window,
          aquarium_subvault_balcony, aquarium_subvault_bridge],
          aquarium_window_fake, aquarium_window_fake,
          aquarium_window_corridor_1, aquarium_window_1, aquarium_view_4,
          aquarium_balcony_3b, aquarium_pool_four
D:3:      minmay_general_purpose_star, layout_basic,
          nicolae_overflow_ecumenical_swirl
D:4:      layout_cave_pools, kennysheep_doodads
D:5:      layout_rooms, hangedman_decor_slide_cut, uniq_duvessa
D:6:      layout_loops_ring, minmay_temple_entry_statues_pillars,
          kennysheep_generic_room_4, uniq_grinder

Skill      XL: |  1  2  3  4  5  6 |
---------------+-------------------+-----
Stealth        | 3 |  3.9
Spellcasting   | 3 4 |  4.3
Conjurations   | 2 3 |  3.0
Fire Magic     | 4 |  4.8
Fighting       | 1 |  1.0
Dodging        | |  2.2

Action                     |  1- 3 |  4- 6 |  7- 9 || total
---------------------------+-------+-------+-------++-------
  Melee: Unarmed           |    11 |       |       ||    11
         Constrict         |     3 |     7 |       ||    10
         Tentacles         |     2 |     6 |       ||     8
         Staff             |     1 |       |       ||     1
         Dagger            |     4 |    20 |     1 ||    25
         Punch             |       |     1 |       ||     1
   Cast: Foxfire           |    46 |    72 |     4 ||   122
         Scorch            |     2 |     3 |     5 ||    10
         Inner Flame       |       |       |     5 ||     5
    Use: Scroll            |     6 |     6 |     1 ||    13
         Potion            |       |       |     2 ||     2
 Armour: Skin              |     2 |     1 |       ||     3
  Dodge: Dodged            |    16 |    19 |    11 ||    46

Table legend: (Time is in decaauts)
 A = Elapsed time spent in this place.
 B = Non-inter-level travel time spent in this place.
 C = Inter-level travel time spent in this place.
 D = Time resting spent in this place.
 E = Time spent auto-exploring this place.
 F = Levels seen in this place.
 G = Mean time per level.
                   A        B        C        D        E       F      G
               +--------+--------+--------+--------+--------+-----+--------+
         Total |   3863 |   3754 |    109 |     66 |   2834 |   6 |  643.8 |
       Dungeon |   3863 |   3754 |    109 |     66 |   2834 |   6 |  643.8 |
               +--------+--------+--------+--------+--------+-----+--------+

Top non-repeatable levels by time:
     D:1: 1110 daAuts
     D:2: 1007 daAuts
     D:3: 804 daAuts
     D:4: 725 daAuts
     D:5: 179 daAuts
     D:6: 36 daAuts
